 Dungeon Crawl Stone Soup version 0.29.1-2-gbd0b4ee654 (webtiles) character file.

Game seed: 10519022728747259043

617 KittyFluff the Cudgeller (level 7, -2/66 HPs)
             Began as a Gargoyle Berserker on Oct 28, 2022.
             Was a Believer of Trog.
             Slain by a killer bee (5 damage)
             ... on level 5 of the Dungeon.
             The game lasted 00:18:57 (5842 turns).

KittyFluff the Cudgeller (Gargoyle Berserker)       Turns: 5842, Time: 00:18:58

Health: -2/66      AC:  9    Str: 21    XL:     7   Next: 45%
Magic:  7/7        EV: 12    Int:  7    God:    Trog [**....]
Gold:   103        SH:  0    Dex: 11    Spells: 6/6 levels left

rFire   . . .      SeeInvis .   a - +0 mace
rCold   + . .      Faith    .   (no shield)
rNeg    + . .      Spirit   .   b - +0 animal skin
rPois   ∞          Reflect  .   g - +1 helmet
rElec   +          Harm     .   (no cloak)
rCorr   .          Rampage  .   (no gloves)
Will    .....                   (no boots)
Stlth   ..........              (no amulet)
HPRegen 0.21/turn               p - ring of protection from cold
MPRegen 0.10/turn               (no ring)

@: berserking, very quick
A: sickness immunity, AC +4, negative energy resistance 1, electricity
resistance, torment resistance 1, petrification resistance
a: Renounce Religion, Berserk, Trog's Hand


You were on level 5 of the Dungeon.
You worshipped Trog.
Trog was pleased with you.
You visited 1 branch of the dungeon, and saw 5 of its levels.

You collected 103 gold pieces.

Inventory:

Hand Weapons
 a - a +0 mace (weapon)
 u - a +0 sling
 w - a +0 morningstar
Missiles
 x - 3 boomerangs (quivered)
Armour
 b - a +0 animal skin (worn)
 g - a +1 helmet (worn)
Jewellery
 p - a ring of protection from cold (left hand)
Wands
 q - a wand of iceblast (8)
Scrolls
 f - 2 scrolls of teleportation
 i - a scroll of immolation {unknown}
 k - a scroll of blinking {unknown}
 l - a scroll of summoning {unknown}
 s - a scroll of poison {unknown}
Potions
 c - a potion of attraction
 d - 2 potions of haste
 e - 2 potions of cancellation
 h - 4 potions of curing
 j - a potion of heal wounds {unknown}
 m - a potion of degeneration {unknown}
 n - a potion of invisibility {unknown}
 r - a potion of might {unknown}
 t - a potion of lignification {unknown}
 v - a potion of mutation {unknown}


   Skills:
 + Level 4.6 Fighting
 + Level 5.9 Maces & Flails
 * Level 4.2 Armour
 + Level 3.1 Dodging
 + Level 1.7 Stealth


You had 6 spell levels left.
You didn't know any spells.
Your spell library was empty.

Dungeon Overview and Level Annotations

Branches:
Dungeon (5/15)             Temple (0/1) D:4

Altars:


Innate Abilities, Weirdness & Mutations

You are immune to sickness and miasma.
Your stone body is resilient. (AC +4)
You are immune to poison.
You resist negative energy. (rN+)
You are resistant to electric shocks. (rElec)
You are resistant to unholy torment.
You are immune to petrification.


Message History

* * * LOW HITPOINT WARNING * * *
The killer bee stings you but does no damage.
A red film seems to cover your vision as you go berserk!
You feel yourself moving faster!
You feel mighty! The killer bee barely misses you.
The killer bee closely misses you.
You barely miss the killer bee.
The killer bee is moderately wounded.
The killer bee stings you.
* * * LOW HITPOINT WARNING * * *
You hit the killer bee.
The killer bee is moderately wounded.
The killer bee stings you.
* * * LOW HITPOINT WARNING * * *
The killer bee stings you but does no damage.
You miss the killer bee.
The killer bee is moderately wounded.
The killer bee misses you.
You barely miss the killer bee.
The killer bee is moderately wounded.
The killer bee barely misses you.
The killer bee stings you but does no damage.
You hit the killer bee.
The killer bee is heavily wounded.
The killer bee closely misses you.
You sock the killer bee!
You kill the killer bee!
Trog accepts your kill. The killer bee misses you.
You sock the killer bee!
The killer bee is severely wounded.
The killer bee stings you but does no damage.
You bludgeon the killer bee!!
You kill the killer bee!
Trog accepts your kill. The killer bee closely misses you.
You closely miss the killer bee.
The killer bee stings you but does no damage.
The killer bee closely misses you.
You closely miss the killer bee. The killer bee stings you.
You die...

...#######
....yyy@.#
##.#####.#
#.# #.#
#.# #.#
#.# #.#
#.##..##
#.#


You could see 3 killer bees.

Vanquished Creatures
  The ghost of erofeev the Conjurer, an amateur DECj (D:4)
  An ogre (D:4)
  2 phantoms (D:4)
  2 killer bees (D:5)
  2 orc wizards (D:4)
  A gnoll (D:1)
  4 adders
  An ufetubus (D:4)
  2 worms (D:4)
  A dart slug (D:4)
  7 orcs
  4 ball pythons
  5 bats
  4 endoplasms
  4 giant cockroaches
  11 goblins
  4 hobgoblins
  7 jackals
  A quokka (D:2)
  A frilled lizard (D:1)
  4 kobolds
  6 rats
75 creatures vanquished.

Notes
Turn   | Place    | Note
-------+----------+-------------------------------------------
     0 | D:1      | KittyFluff the Gargoyle Berserker began the quest for the
                  | Orb.
     0 | D:1      | Reached XP level 1. HP: 14/14 MP: 1/1
    58 | D:1      | Reached XP level 2. HP: 18/19 MP: 2/2
   393 | D:1      | Reached XP level 3. HP: 7/24 MP: 3/3
   829 | D:1      | Found a faded altar of an unknown god.
  2274 | D:3      | Reached skill level 4 in Maces & Flails
  2535 | D:3      | Reached XP level 4. HP: 29/29 MP: 4/4
  2566 | D:3      | Reached ** piety under Trog
  3195 | D:4      | Noticed a phantom
  3393 | D:4      | Noticed a phantom
  3407 | D:4      | Killed a phantom
  3408 | D:4      | Reached XP level 5. HP: 29/33 MP: 5/5
  3470 | D:4      | Found a runed translucent gate.
  3470 | D:4      | Found a runed translucent gate.
  3499 | D:4      | Reached skill level 1 in Stealth
  3722 | D:4      | Found a staircase to the Ecumenical Temple.
  3736 | D:4      | Found a runed translucent gate.
  3752 | D:4      | Killed a phantom
  3753 | D:4      | Reached skill level 5 in Maces & Flails
  3753 | D:4      | Reached XP level 6. HP: 17/38 MP: 6/6
  4009 | D:4      | Noticed erofeev's ghost (amateur DECj)
  5536 | D:4      | Killed erofeev's ghost
  5537 | D:4      | Reached XP level 7. HP: 27/44 MP: 7/7
  5761 | D:5      | Entered Level 5 of the Dungeon
  5834 | D:5      | HP: 2/66 [killer bee (4)]
  5842 | D:5      | Slain by a killer bee

Illustrated notes

Levels and vault maps discovered:
D:1:      giann_horns, layout_basic, hellmonk_ecumenical_altar_leap_of_faith
D:2:      layout_loops_corners, hangedman_decor_push, minmay_liquid_box,
          st_stairs_10
D:3:      layout_basic
D:4:      layout_basic, minmay_temple_entry_drinking_statues,
          gammafunk_ghost_split, minmay_ogre_servants
D:5:      gammafunk_wand_slinger, layout_loops_ring

Skill      XL: |  1  2  3  4  5  6 |
---------------+-------------------+-----
Maces & Flails | 4 5 |  5.9
Armour         | 3 4 |  4.2
Dodging        | 2 3 |  3.1
Fighting       | 4 |  4.6
Stealth        | 1 |  1.7

Action                   |  1- 3 |  4- 6 |  7- 9 || total
-------------------------+-------+-------+-------++-------
Melee: Mace              |   115 |   149 |    26 ||   290
       Punch             |       |     1 |       ||     1
Invok: Berserk           |       |     4 |     1 ||     5
  Use: Scroll            |       |     1 |     5 ||     6
Armor: Animal skin       |    54 |    50 |    16 ||   120
Dodge: Dodged            |    84 |    90 |    20 ||   194
